Cogmind - Beta 9 @@@ ROGUE MODE // 2019.10.25 @ 14:32:20 Player: Alexbot Result: Escaped! Performance ------------- Evolutions (9) 4500 Regions Visited (27) 5400 Robots Destroyed (210) 1050 Value Destroyed (9270) 9270 Prototype IDs (60) 1200 Alien Tech Used (1) 200 Bonus (34720) 34720 TOTAL SCORE: 56340 Bonus ------- Simple Hacker 19471 High Alert Combat Kills 340 Follower Combat Kills 1130 Network Hubs Disabled 200 Met Zhirov 300 Met Warlord at Base 500 MAIN.C Attacked Warlord 500 Met R17 at Cetus 500 Met Warlord at Research 2000 Win 3000 Challenge Win 7000 Friendly Fire -221 Cogmind --------- Core Integrity 1600/1600 Matter 239/300 Energy 1038/1060 System Corruption 0% Temperature Cool (12) Location To Epsilon Eridani Parts ------- Power (2) Micro Fission Core Light Quantum Reactor Propulsion (5) Cooled Linear Gravjet Cooled Linear Gravjet Combat Linear Gravjet Combat Linear Gravjet Combat Linear Gravjet Utility (16) Large Storage Unit Large Storage Unit Large Storage Unit Advanced Energy Well Experimental Sensor Array Advanced Signal Interpreter Long-range Terrain Scanner Advanced Terrain Scan Processor Advanced Weapon Cycler Improved Transmission Jammer Reaction Control System Experimental Utility Shielding Advanced Hacking Suite System Mapper Makeshift System Shield Advanced System Shield Weapon (2) Gamma Rifle Enhanced Nova Cannon Inventory (22) Cooled Antigrav System Combat Linear Gravjet Experimental Coolant Injector Experimental Phase Shifter Centrium Medium Armor Plating Improved Powered Armor EM Disruption Field Advanced Force Field Improved Energy Mantle Improved System Restoration Module Assault Drone Bay (2/2) Transdimensional Reconstructor Gamma Rifle HERF Cannon Enhanced Nova Cannon Hardcell Cannon Datajack Molecular Deconstructor Peak State ------------ Power Micro Fission Core Light Quantum Reactor Propulsion Cooled Linear Gravjet Cooled Linear Gravjet Combat Linear Gravjet Combat Linear Gravjet Combat Linear Gravjet Utility Experimental Coolant Injector Large Storage Unit Large Storage Unit Large Storage Unit Advanced Energy Well Experimental Sensor Array Advanced Signal Interpreter Long-range Terrain Scanner Advanced Terrain Scan Processor Advanced Weapon Cycler Improved Transmission Jammer Reaction Control System Experimental Utility Shielding Advanced Hacking Suite System Mapper Makeshift System Shield Weapon Gamma Rifle Enhanced Nova Cannon Inventory Cooled Antigrav System Combat Linear Gravjet Experimental Phase Shifter Centrium Medium Armor Plating Improved Powered Armor EM Disruption Field Advanced Force Field Improved Energy Mantle Advanced System Shield Improved System Restoration Module Assault Drone Bay Transdimensional Reconstructor Gamma Rifle HERF Cannon Enhanced Nova Cannon Hardcell Cannon Datajack Molecular Deconstructor [Rating: 178] Favorites ----------- Power Micro Fission Core Engine Improved Ion Engine Power Core Micro Fission Core Reactor Quantum Reactor Propulsion Combat Linear Gravjet Treads Improved Treads Leg Titanium Leg Wheel Compact Wheel Hover Unit Combat Linear Gravjet Utility Large Storage Unit Device Experimental Sensor Array Storage Large Storage Unit Processor Improved Signal Interpreter Hackware Makeshift System Shield Protection Improved Utility Shielding Weapon Improved KE Penetrator Energy Gun Gatling Laser Energy Cannon Advanced Beam Cannon Ballistic Gun Improved KE Penetrator Ballistic Cannon Gauss Cannon Launcher Mini Grenade Launcher Piercing Weapon Vortex Lance Special Melee Weapon Datajack Build | -11 -10 -9 -9 -8 -7 -7 -7 -7 -6 -6 -6 -6 -6 -6 -5 -5 -5 -5 -4 -4 -4 -4 -4 -3 -3 -2 -1 ------- Run | Scr Mat Mat Min Mat Fac Low Low Zio Pro Fac Ext Cet Arc Hub Fac Upp Upp Zhi Pro Fac Upp Upp War Pro Res Res Acc Slots Evolved 18 | . . 2 . 2 2 . . . . 2 . . . . 2 . . . . 2 . . . . 2 2 2 Power 1 | . . . . . . . . . . . . . . . . . . . . . . . . . . 1 . Propulsion 3 | . . . . . . . . . . . . . . . 2 . . . . . . . . . . . 1 Utility 14 | . . 2 . 2 2 . . . . 2 . . . . . . . . . 2 . . . . 2 1 1 Weapon . | . . . . . . . . . . . . . . . . . . . . . . . . . . . . Parts Attached 297 | 6 9 13 4 16 11 5 3 2 6 7 12 8 1 17 21 16 23 4 . 39 3 2 10 4 29 16 10 Power 14 | 1 1 1 1 1 1 . . . 1 . 1 1 . . 1 . 1 . . 1 . . . . . 1 1 Engine 7 | 1 1 1 1 1 1 . . . 1 . . . . . . . . . . . . . . . . . . Core 4 | . . . . . . . . . . . 1 . . . 1 . 1 . . 1 . . . . . . . Reactor 3 | . . . . . . . . . . . . 1 . . . . . . . . . . . . . 1 1 Propulsion 41 | 2 2 4 1 2 2 2 . . . 1 . 2 . 1 8 . 1 . . 4 . . . . 3 1 5 Treads 9 | . . . . . 2 2 . . . 1 . 2 . 1 1 . . . . . . . . . . . . Leg 1 | . . . . 1 . . . . . . . . . . . . . . . . . . . . . . . Wheel 10 | 2 2 4 1 1 . . . . . . . . . . . . . . . . . . . . . . . Hover 21 | . . . . . . . . . . . . . . . 7 . 1 . . 4 . . . . 3 1 5 Flight . | . . . . . . . . . . . . . . . . . . . . . . . . . . . . Utility 153 | 1 2 4 . 7 5 1 3 . 5 6 2 2 1 12 10 11 18 3 . 16 3 1 6 2 20 9 3 Device 83 | . . 1 . 2 1 . 3 . 2 3 . . . 5 6 5 9 2 . 11 3 1 5 1 15 7 1 Storage 10 | 1 2 1 . 4 . . . . . . . . . . . . . . . . . . . . 1 1 . Processor 6 | . . 1 . . 2 . . . . . . . . 1 . . . . . . . . 1 . . 1 . Hackware 6 | . . . . . . . . . . 2 . . . . . . . . . 1 . . . . 2 . 1 Protection 48 | . . 1 . 1 2 1 . . 3 1 2 2 1 6 4 6 9 1 . 4 . . . 1 2 . 1 Artifact . | . . . . . . . . . . . . . . . . . . . . . . . . . . . . Weapon 89 | 2 4 4 2 6 3 2 . 2 . . 9 3 . 4 2 5 3 1 . 18 . 1 4 2 6 5 1 Energy Gun 25 | . 3 2 . . 1 1 . . . . . . . 1 . 2 . . . 8 . 1 2 1 . 3 . Energy Cannon 27 | . . 2 2 3 1 . . . . . . . . . 1 3 . . . 8 . . 1 . 3 2 1 Ballistic Gun 19 | 2 . . . . . . . 2 . . 4 3 . 2 1 . 1 . . 2 . . . . 2 . . Ballistic Cannon 5 | . . . . 1 1 . . . . . 3 . . . . . . . . . . . . . . . . Launcher 11 | . 1 . . 2 . 1 . . . . 2 . . 1 . . 2 . . . . . . 1 1 . . Special Weapon . | . . . . . . . . . . . . . . . . . . . . . . . . . . . . Impact Weapon . | . . . . . . . . . . . . . . . . . . . . . . . . . . . . Slashing Weapon . | . . . . . . . . . . . . . . . . . . . . . . . . . . . . Piercing Weapon 1 | . . . . . . . . . . . . . . . . . . . . . . . 1 . . . . Special Melee Weapon 1 | . . . . . . . . . . . . . . . . . . 1 . . . . . . . . . Unidentified Prototypes 20 | . . 1 . 1 . . 1 . . 1 . 2 1 1 . . . 2 . . . . 5 . 3 1 1 Parts Lost 30 | . 6 . 6 7 1 . . . 1 . . . . 2 . . 2 . . 3 . . . . 2 . . Power 4 | . 1 . 1 1 . . . . 1 . . . . . . . . . . . . . . . . . . Propulsion 6 | . 2 . 2 1 . . . . . . . . . . . . 1 . . . . . . . . . . Utility 4 | . . . 1 1 . . . . . . . . . 1 . . 1 . . . . . . . . . . Weapon 16 | . 3 . 2 4 1 . . . . . . . . 1 . . . . . 3 . . . . 2 . . Highest Loss Streak 6 | . 6 . 4 3 1 . . . 1 . . . . 1 . . 2 . . 1 . . . . 1 . . Average Slot Usage (%) 92 | . 94 90 85 79 95 92 92 92 92 90 93 87 86 89 87 95 97 90 94 97 94 98 99 100 98 95 95 Engine 3 | . 14 7 11 6 7 7 7 7 7 6 . . . . . . . . . . . . . . . . . Core 2 | . . . . . . . . . . . 5 1 . . 2 5 5 5 5 5 5 5 5 5 4 4 4 Treads 5 | . . . . . 7 15 15 15 15 13 13 7 6 6 7 . . . . . . . . . . . . Wheel 2 | . 27 22 18 8 3 . . . . . . . . . . . . . . . . . . . . . . Hover 7 | . . . . . . . . . . . . . . . 5 23 23 23 23 21 21 21 21 21 19 17 18 Device 8 | . . 5 11 8 7 7 7 7 6 6 6 . . 3 6 9 6 4 11 13 14 15 14 10 10 16 21 Storage 20 | . 27 22 22 29 29 23 23 23 23 20 20 20 20 20 17 17 17 17 17 15 15 15 15 15 14 17 16 Processor 8 | . . 3 . . 7 15 15 15 7 6 6 6 6 6 11 11 11 11 11 10 10 10 10 10 9 8 8 Hackware 8 | . . . . . . . . . . 10 13 13 13 13 11 11 11 11 11 14 15 15 15 15 21 13 12 Protection 8 | . . 7 1 2 10 7 7 7 14 12 13 20 20 19 8 6 10 11 5 6 5 5 5 10 8 7 3 Energy Gun 2 | . 6 4 . . 2 7 7 4 . . . . . . . 1 3 . . 3 . 3 5 4 . 3 4 Energy Cannon 2 | . . 17 21 11 4 . . . . . . . . . 4 . . . . 1 . . 3 5 3 1 3 Ballistic Gun 4 | . 12 . . . . . . 6 15 13 9 13 13 12 4 4 2 . . 2 5 5 . . 3 1 . Ballistic Cannon 1 | . . . . 1 4 7 7 3 . . 2 . . . . . . . . . . . . . . . . Naked Turns . | . . . . . . . . . . . . . . . . . . . . . . . . . . . . Heaviest Build 109 | 12 43 56 56 66 90 87 87 87 98 87 92 109 109 104 94 80 81 75 58 85 70 71 88 81 100 105 99 Greatest Support 150 | 26 32 32 28 12 46 46 46 46 46 53 53 80 80 80 150 64 64 64 64 128 128 128 128 128 128 114 136 Greatest Overweight (x) 7 | . 2 2 4 6 7 1 1 1 2 1 1 1 1 1 1 1 1 1 . 1 . . . . . . . Average Overweight (x) . | . . 1 2 4 4 1 1 1 1 1 1 1 1 1 . . . . . . . . . . . . . Largest Inventory Capacity 22 | 6 16 16 16 22 22 22 22 22 22 22 22 22 22 22 22 22 22 22 22 22 22 22 22 22 22 22 22 Average Capacity 21 | 4 15 16 16 21 22 22 22 22 22 22 22 22 22 22 22 22 22 22 22 22 22 22 22 22 22 22 22 Most Carried 22 | 4 16 16 16 22 22 22 22 22 22 22 22 22 22 22 22 22 22 22 22 22 22 22 22 22 22 22 22 Average Carried 20 | 2 9 15 15 19 21 21 22 21 20 21 21 21 22 21 21 21 20 21 22 20 21 21 21 21 21 20 20 Final Capacity 22 | . . . . . . . . . . . . . . . . . . . . . . . . . . . 22 Final Carried 20 | . . . . . . . . . . . . . . . . . . . . . . . . . . . 20 Class Distribution -------------------- 31% | Hauler-Mutant 28% | Hacker-Mutant 18% | Hacker-Scout 9% | Mutant 7% | Scavenger-Mutant Dominant Class ---------------- Mutant | -10/Materials Mutant | -9/Materials Mutant | -9/Mines Hauler-Mutant | -8/Materials Hauler-Mutant | -7/Factory Hauler-Mutant | -7/Lower Caves Hauler-Mutant | -7/Lower Caves Hauler-Mutant | -7/Zion Hauler-Mutant | -6/Proximity Caves Hacker-Mutant | -6/Factory Hacker-Mutant | -6/Extension Hacker-Mutant | -6/Cetus Scavenger-Mutant | -6/Archives Scavenger-Mutant | -6/Hub_04(d) Hacker-Mutant | -5/Factory Hacker-Scout | -5/Upper Caves Hacker-Mutant | -5/Upper Caves Hacker-Mutant | -5/Zhirov Hacker-Scout | -4/Proximity Caves Hacker-Mutant | -4/Factory Hacker-Scout | -4/Upper Caves Hacker-Scout | -4/Upper Caves Hacker-Scout | -4/Warlord Hacker-Scout | -3/Proximity Caves Wizard-Scout | -3/Research Hacker-Scout | -2/Research Hacker-Scout | -1/Access Resources | -11 -10 -9 -9 -8 -7 -7 -7 -7 -6 -6 -6 -6 -6 -6 -5 -5 -5 -5 -4 -4 -4 -4 -4 -3 -3 -2 -1 ----------- Run | Scr Mat Mat Min Mat Fac Low Low Zio Pro Fac Ext Cet Arc Hub Fac Upp Upp Zhi Pro Fac Upp Upp War Pro Res Res Acc Matter Collected 6391 | 241 179 172 30 421 179 238 72 20 276 194 353 256 130 662 385 498 384 . 29 422 94 . 87 207 557 266 39 Remotely . | . . . . . . . . . . . . . . . . . . . . . . . . . . . . Salvage Created 9514 | . 301 763 473 885 188 449 128 . 601 265 199 220 329 1730 438 201 581 . . 478 74 . . 187 736 199 89 Parts 425 | . 13 48 30 47 12 19 5 . 22 14 18 9 11 71 17 8 23 . . 29 1 . . 3 19 5 1 Haulers Intercepted 7 | . . 2 . 1 . 1 . . . . . . . 1 . . . . . . . . . . 1 1 . Recyclers Shooed 5 | . . . . 1 . . . . . . . . . . 1 . . . . . . . . . 3 . . Parts Field Recycled . | . . . . . . . . . . . . . . . . . . . . . . . . . . . . Retrieved Matter . | . . . . . . . . . . . . . . . . . . . . . . . . . . . . Parts Self-Destructed 108 | . . . . . . 18 5 . 32 . . . . . . 2 12 . . . 1 2 35 1 . . . Prevented 11 | . . . . . . . . . 1 . . . . . . 6 2 . . . . . 1 1 . . . Kills | -11 -10 -9 -9 -8 -7 -7 -7 -7 -6 -6 -6 -6 -6 -6 -5 -5 -5 -5 -4 -4 -4 -4 -4 -3 -3 -2 -1 ------- Run | Scr Mat Mat Min Mat Fac Low Low Zio Pro Fac Ext Cet Arc Hub Fac Upp Upp Zhi Pro Fac Upp Upp War Pro Res Res Acc Combat Hostiles Destroyed 174 | . 9 11 14 22 4 11 3 . 12 4 5 3 4 26 4 3 15 . . 8 1 . . 4 8 3 . Guns 65 | . 6 . . . 1 2 2 . 12 4 3 3 4 22 . 1 2 . . . 1 . . . 2 . . Cannons 66 | . . 11 14 15 3 7 1 . . . 1 . . . 4 1 . . . 5 . . . . 2 2 . AOE 32 | . 3 . . 7 . 2 . . . . 1 . . 3 . . 11 . . . . . . 4 1 . . Classes Destroyed 18 | . 1 6 3 1 1 . 1 . 1 . . 1 . 1 . . 1 . . . . . . . . 1 . Worker 6 | . . 1 . . . . . . . 1 . . . 3 . . . . . 1 . . . . . . . Builder 3 | . . . . 2 . . . . . . . . . 1 . . . . . . . . . . . . . Tunneler 2 | . . . 1 . . . . . . . . . . . . . . . . 1 . . . . . . . Hauler 7 | . . 2 . 1 . 1 . . . . . . . 1 . . . . . . . . . . 1 1 . Recycler 3 | . . 1 . . . . . . . . . . . . 2 . . . . . . . . . . . . Operator 3 | . . 2 . . . . . . . . . . . 1 . . . . . . . . . . . . . Watcher 11 | . . 2 . 1 2 . . . . . . . . 2 . . . . . . . . . . 2 . 2 Swarmer 32 | . . . 4 6 . . . . 4 . 2 . . 3 . . 7 . . . . . . 4 . 2 . Grunt 71 | . 9 6 9 12 . 9 1 . 5 2 . . . 15 . . . . . 1 . . . . 2 . . Brawler 3 | . . . . . . . 1 . 1 . . . . 1 . . . . . . . . . . . . . Duelist 2 | . . . . . . . . . 1 . . . . 1 . . . . . . . . . . . . . Sentry 28 | . . 5 . 4 3 1 . . 1 2 1 . 4 4 . 1 1 . . . . . . . 1 . . Hunter 12 | . . . . . 1 1 1 . . . 2 . . . . 1 . . . 2 . . . . 4 . . Programmer 13 | . . . . . . . . . . . . 1 . 1 4 1 . . . 5 . . . . 1 . . Behemoth 1 | . . . . . . . . . . . . . . 1 . . . . . . . . . . . . . Cetus Guard 2 | . . . . . . . . . . . . 2 . . . . . . . . . . . . . . . Striker 1 | . . . . . . . . . . . . . . . . . . . . . . . . . . 1 . Assembled 1 | . . . 1 . . . . . . . . . . . . . . . . . . . . . . . . Thug 2 | . . . . . . . . . . . . 1 . . . . 1 . . . . . . . . . . Savage 5 | . . . . . . . . . . . . . . . . . 5 . . . . . . . . . . Mutant 2 | . . . . . . . . . . . . . . . . . 1 . . . 1 . . . . . . Best Kill Streak 7 | . 3 4 4 7 2 5 2 . 5 3 1 2 3 5 2 1 4 . . 3 1 . . 4 4 2 1 Combat Bots Only 6 | . 3 4 4 6 2 5 2 . 5 2 1 2 3 3 2 2 4 . . 3 1 . . 4 3 2 . Max Kills in Single Turn 3 | . 1 2 1 3 1 1 1 . 1 1 1 1 1 2 1 1 2 . . 1 1 . . 2 1 1 1 Gunslinging . | . . . . . . . . . . . . . . . . . . . . . . . . . . . . Exploded 3 | . 1 . . 3 . 1 . . . . 1 . . 2 . . 2 . . . . . . 2 1 . . Melee . | . . . . . . . . . . . . . . . . . . . . . . . . . . . . Uniques/NPCs Destroyed . | . . . . . . . . . . . . . . . . . . . . . . . . . . . . Combat | -11 -10 -9 -9 -8 -7 -7 -7 -7 -6 -6 -6 -6 -6 -6 -5 -5 -5 -5 -4 -4 -4 -4 -4 -3 -3 -2 -1 -------- Run | Scr Mat Mat Min Mat Fac Low Low Zio Pro Fac Ext Cet Arc Hub Fac Upp Upp Zhi Pro Fac Upp Upp War Pro Res Res Acc Damage Taken 12592 | . 781 371 619 763 423 688 47 . 744 262 471 450 340 2325 162 692 681 . . 1329 41 . . 92 1084 227 . Core 1425 | . 213 41 203 145 59 11 . . 20 18 11 7 . 261 . 22 45 . . 134 20 . . 25 108 82 . Absorbed by Shields 555 | . . . . . . . . . . . 6 105 . . . . . . . 258 . . . . 59 127 . Reduced by Siege Mode 71 | . . . . . . . . . . . . 11 . 60 . . . . . . . . . . . . . Core Remaining (%) 76 | 100 14 . 39 73 . . . . 87 . . . . 65 . . . . 93 . . . . 84 91 94 100 Volleys Fired 763 | . 41 34 47 67 22 29 7 . 50 21 34 24 16 82 35 27 35 . . 67 14 8 3 9 52 21 18 Largest 2 | . 2 2 2 2 2 2 2 . 2 2 2 2 2 2 1 2 2 . . 2 1 1 1 1 2 2 1 Hottest 240 | . 130 136 136 136 128 128 128 . 50 50 72 70 70 240 90 100 100 . . 125 35 35 240 240 176 150 120 Shots Fired 1160 | . 81 68 83 94 30 50 14 . 78 42 51 48 32 159 35 29 36 . . 78 13 8 3 9 67 34 18 Gun 692 | . 79 6 . . 6 26 7 . 78 42 32 48 32 155 12 22 26 . . 40 13 8 3 2 25 22 8 Cannon 432 | . . 62 83 89 23 21 7 . . . 17 . . . 23 7 . . . 38 . . . 4 36 12 10 Launcher 36 | . 2 . . 5 1 3 . . . . 2 . . 4 . . 10 . . . . . . 3 6 . . Special . | . . . . . . . . . . . . . . . . . . . . . . . . . . . . Kinetic 594 | . 58 . . 13 14 21 7 . 78 42 49 48 32 154 12 2 5 . . 7 13 8 . . 25 6 . Thermal 385 | . 14 68 83 76 15 26 7 . . . . . . 1 23 7 . . . 38 . . 3 2 . 12 10 Explosive 36 | . 2 . . 5 1 3 . . . . 2 . . 4 . . 10 . . . . . . 3 6 . . Electromagnetic 145 | . 7 . . . . . . . . . . . . . . 20 21 . . 33 . . . 4 36 16 8 Robot Hit Streak 44 | . 7 10 9 8 12 22 10 . 20 14 21 21 16 44 12 12 5 . . 12 4 . . 2 10 14 2 Robot Miss Streak 8 | . 4 5 3 3 1 3 2 . 3 3 3 3 2 3 2 1 2 . . 8 . . . 2 3 5 4 Penetration Max 1 | . . . . . . 1 . . . . . 1 1 1 . . . . . 1 . . . . 1 . . Secondary Targets 7 | . 2 . . . . . . . 1 . . 1 . 3 . . . . . . . . . . . . . Max Gunslinging Chain 1 | . 1 . . . . . . . 1 . . 1 . 1 . . . . . . . . . . . . . Shots Hit Robots 737 | . 63 40 43 57 24 45 12 . 59 32 24 34 27 114 15 21 20 . . 45 2 . . 2 37 17 4 Core Hits 399 | . 25 24 15 40 15 31 7 . 29 11 13 8 11 69 8 5 25 . . 17 1 . . 10 26 7 2 Critical Hits 74 | . . 4 5 9 3 1 . . 1 1 . 7 7 29 1 . 1 . . 3 1 . . . . 1 . Critical Kills 27 | . . 1 2 4 . . . . . 1 . 2 2 12 . . 1 . . 1 1 . . . . . . Critical Parts Destroyed 45 | . . 3 3 5 2 1 . . 1 . . 5 5 16 1 . . . . 2 . . . . . 1 . Melee Attacks 2 | . . . . . . . . . . . . . . . . . . . . 2 . . . . . . . Impact . | . . . . . . . . . . . . . . . . . . . . . . . . . . . . Slashing . | . . . . . . . . . . . . . . . . . . . . . . . . . . . . Piercing . | . . . . . . . . . . . . . . . . . . . . . . . . . . . . Sneak Attacks 2 | . . . . . . . . . . . . . . . . . . . . 2 . . . . . . . Combat Hostiles . | . . . . . . . . . . . . . . . . . . . . . . . . . . . . Follow-up Attacks . | . . . . . . . . . . . . . . . . . . . . . . . . . . . . Damage Inflicted 22256 | . 851 804 965 1771 717 1264 271 . 1048 562 660 857 754 3996 675 549 1592 . . 1637 52 . . 390 2024 602 215 Guns 10648 | . 593 49 . . 145 485 172 . 1048 562 304 857 754 3257 . 407 481 . . 678 52 . . . 258 331 215 Cannons 7246 | . . 755 965 1140 493 356 99 . . . 86 . . . 675 142 . . . 959 . . . 124 1181 271 . Explosions 4354 | . 258 . . 631 79 423 . . . . 270 . . 731 . . 1111 . . . . . . 266 585 . . Melee . | . . . . . . . . . . . . . . . . . . . . . . . . . . . . Ramming 8 | . . . . . . . . . . . . . . 8 . . . . . . . . . . . . . Kinetic 9047 | . 452 . . 138 311 356 99 . 1048 562 390 857 754 3257 . 58 130 . . 167 52 . . . 258 158 . Thermal 6356 | . 220 804 965 1147 327 485 172 . . . 100 . . . 675 142 89 . . 959 . . . . . 271 . Explosive 3611 | . 129 . . 486 79 423 . . . . 170 . . 451 . . 1022 . . . . . . 266 585 . . Electromagnetic 3234 | . 50 . . . . . . . . . . . . 280 . 349 351 . . 511 . . . 124 1181 173 215 Impact . | . . . . . . . . . . . . . . . . . . . . . . . . . . . . Slashing . | . . . . . . . . . . . . . . . . . . . . . . . . . . . . Piercing . | . . . . . . . . . . . . . . . . . . . . . . . . . . . . Highest Corruption 5 | . . . . . . . . . . . . 1 1 2 1 3 3 3 3 5 5 1 2 . 1 . . Average Corruption 1 | . . . . . . . . . . . . 1 1 1 1 1 3 3 3 2 3 1 1 . 1 . . Corruption Purged 7 | . . . . . . . . . . . . . . . . . . . . 2 4 1 . . . . . Effects 32 | . . . . . . . . . . . . . 1 4 . 2 11 3 2 3 6 . . . . . . Message Errors 12 | . . . . . . . . . . . . . 1 2 . 1 4 . 1 1 2 . . . . . . Matter Fused 7 | . . . . . . . . . . . . . . . . . 3 1 . 1 2 . . . . . . Heat Flow Errors 1 | . . . . . . . . . . . . . . . . . . . . . 1 . . . . . . Energy Discharges 4 | . . . . . . . . . . . . . . . . . 3 1 . . . . . . . . . Data Loss (minor) 4 | . . . . . . . . . . . . . . 1 . 1 . 1 1 . . . . . . . . Targeting Errors 3 | . . . . . . . . . . . . . . 1 . . 1 . . 1 . . . . . . . Weapon Failures 1 | . . . . . . . . . . . . . . . . . . . . . 1 . . . . . . Overload Shots 5 | . . . . . . . . . . . . . . 1 . . . . . . . . 3 1 . . . Effects 1 | . . . . . . . . . . . . . . . . . . . . . . . . 1 . . . Energy Bleed 1 | . . . . . . . . . . . . . . . . . . . . . . . . 1 . . . Overflow Damage 388 | . 43 . 6 34 . 1 . . . . 20 . . 1 40 . 55 . . 82 . . . . 89 17 . Projectiles 210 | . . . 6 6 . . . . . . . . . . 40 . . . . 82 . . . . 59 17 . Explosions 178 | . 43 . . 28 . 1 . . . . 20 . . 1 . . 55 . . . . . . . 30 . . Melee . | . . . . . . . . . . . . . . . . . . . . . . . . . . . . Knockbacks 4 | . . . . 1 . 1 1 . . . 1 . . . . . . . . . . . . . . . . Impact . | . . . . . . . . . . . . . . . . . . . . . . . . . . . . Kinetic 4 | . . . . 1 . 1 1 . . . 1 . . . . . . . . . . . . . . . . Secondary . | . . . . . . . . . . . . . . . . . . . . . . . . . . . . Self-Inflicted Damage 252 | . 97 . . 7 8 . . . . . . . . 91 . . 49 . . . . . . . . . . Shots 7 | . 3 . . 1 1 . . . . . . . . 1 . . 1 . . . . . . . . . . Rammed 2 | . . . . . . . . . . . . . . 2 . . . . . . . . . . . . . Targets Rammed 2 | . . . . . . . . . . . . . . 2 . . . . . . . . . . . . . Kicked . | . . . . . . . . . . . . . . . . . . . . . . . . . . . . Crushed . | . . . . . . . . . . . . . . . . . . . . . . . . . . . . Highest Temperature 536 | . 530 340 325 90 199 199 197 . 303 36 44 81 54 200 136 304 308 40 5 199 221 . 372 198 306 536 182 Average Temperature 80 | . 122 100 118 23 84 108 99 . 119 22 12 24 19 42 23 75 101 15 2 95 116 . 118 55 111 163 78 Received Heat Transfer 2743 | . 390 120 186 270 84 321 9 . 254 81 18 13 36 636 . 81 54 . . 91 18 . . . 81 . . Effects 26 | . 12 . 1 . . . . . 3 . . . . . . . 4 . . . . . 3 . . 3 . Shutdowns 3 | . 2 . . . . . . . . . . . . . . . . . . . . . . . . 1 . Energy Bleed 7 | . 3 . 1 . . . . . . . . . . . . . 1 . . . . . . . . 2 . Interference 11 | . 2 . . . . . . . 3 . . . . . . . 3 . . . . . 3 . . . . Damage (minor) 1 | . 1 . . . . . . . . . . . . . . . . . . . . . . . . . . Damage (major) 4 | . 4 . . . . . . . . . . . . . . . . . . . . . . . . . . Siege Activations 9 | . . . . . . . . . . . . 1 . 8 . . . . . . . . . . . . . Total Turns 142 | . . . . . . . . . . . . 27 . 115 . . . . . . . . . . . . . Longest Duration 29 | . . . . . . . . . . . . 27 . 29 . . . . . . . . . . . . . Robots Corrupted 15 | . . . . . . . . . . . . . . 1 . 1 2 . . 3 . . . 1 5 1 1 Combat Hostiles 12 | . . . . . . . . . . . . . . 1 . 1 2 . . 3 . . . 1 3 1 . Parts Fried 21 | . . . . . . . . . . . . . . 1 . 2 5 . . 2 . . . . 9 . 2 Impact Corruptions . | . . . . . . . . . . . . . . . . . . . . . . . . . . . . Robots Melted . | . . . . . . . . . . . . . . . . . . . . . . . . . . . . Combat Hostiles . | . . . . . . . . . . . . . . . . . . . . . . . . . . . . Parts Melted 9 | . . 4 2 . . . . . . . . . 1 1 1 . . . . . . . . . . . . Heat Transferred 8926 | . 360 1434 1739 1913 621 1100 375 . . . 50 . . . 400 75 100 . . 500 . . . . . 259 . Parts Sabotaged . | . . . . . . . . . . . . . . . . . . . . . . . . . . . . Parts Stolen . | . . . . . . . . . . . . . . . . . . . . . . . . . . . . Parts Stripped . | . . . . . . . . . . . . . . . . . . . . . . . . . . . . Power Chain Reactions 3 | . 2 . . . . . . . . . . . . . . . 1 . . . . . . . . . . Missiles Intercepted . | . . . . . . . . . . . . . . . . . . . . . . . . . . . . Alert | -11 -10 -9 -9 -8 -7 -7 -7 -7 -6 -6 -6 -6 -6 -6 -5 -5 -5 -5 -4 -4 -4 -4 -4 -3 -3 -2 -1 ------- Run | Scr Mat Mat Min Mat Fac Low Low Zio Pro Fac Ext Cet Arc Hub Fac Upp Upp Zhi Pro Fac Upp Upp War Pro Res Res Acc Peak Influence 985 | . 175 378 303 524 299 . . . . 193 249 344 299 985 524 . . . . 365 . . . . 217 106 173 Average Influence 180 | . 101 201 189 229 182 . . . . 93 57 242 236 447 210 . . . . 124 . . . . 88 76 91 Maximum Alert Level 3 | . . 1 1 2 1 . . . . . 1 1 1 3 2 . . . . 1 . . . . 1 . . Low Security (%) 63 | . . . . . . . . . . . . . . . . . . . . . . . . . . . . Level 1 25 | . . . . . . . . . . . . . . . . . . . . . . . . . . . . Level 2 9 | . . . . . . . . . . . . . . . . . . . . . . . . . . . . Level 3 1 | . . . . . . . . . . . . . . . . . . . . . . . . . . . . Level 4 . | . . . . . . . . . . . . . . . . . . . . . . . . . . . . Level 5 . | . . . . . . . . . . . . . . . . . . . . . . . . . . . . High Security . | . . . . . . . . . . . . . . . . . . . . . . . . . . . . Max Security . | . . . . . . . . . . . . . . . . . . . . . . . . . . . . Squads Dispatched 26 | . 1 3 . 3 1 . . . 1 1 2 . . 5 2 . . . . 3 . . . . 2 1 1 Investigation 2 | . 1 . . . . . . . . . . . . . . . . . . 1 . . . . . . . Extermination 6 | . . . . . 1 . . . . . . . . 1 2 . . . . 2 . . . . . . . Reinforcement 14 | . . 3 . 3 . . . . . 1 2 . . 1 . . . . . . . . . . 2 1 1 Assault 3 | . . . . . . . . . 1 . . . . 2 . . . . . . . . . . . . . Garrison 1 | . . . . . . . . . . . . . . 1 . . . . . . . . . . . . . Intercept . | . . . . . . . . . . . . . . . . . . . . . . . . . . . . Construction Impeded 2 | . . . . 1 . . . . . . 1 . . . . . . . . . . . . . . . . Haulers Reinforced 2 | . . . . . . . . . . . . . . . . . . . . . . . . . 1 1 . Stealth | -11 -10 -9 -9 -8 -7 -7 -7 -7 -6 -6 -6 -6 -6 -6 -5 -5 -5 -5 -4 -4 -4 -4 -4 -3 -3 -2 -1 --------- Run | Scr Mat Mat Min Mat Fac Low Low Zio Pro Fac Ext Cet Arc Hub Fac Upp Upp Zhi Pro Fac Upp Upp War Pro Res Res Acc Distress Signals 21 | . 2 1 . 3 1 . . . . . 1 2 . 1 . . . . . 4 . . . . 1 5 . Communications Jammed 5 | . . . . . . . . . . . . . . . . . . . . . . . . . . . 5 Distress Signals 5 | . . . . . . . . . . . . . . . . . . . . . . . . . . . 5 Times Spotted 297 | . 14 20 19 34 8 11 4 . 20 4 13 11 10 43 8 3 14 . . 18 1 . 1 4 20 12 5 Peak Tracking Total 10 | . 4 3 4 7 2 5 3 . 10 2 3 5 1 8 2 2 4 . . 8 1 . 4 4 8 5 2 Tactical Retreats 25 | . . . 4 5 . . 1 . 1 . 1 . . 6 1 . 1 . . 3 . . . . . 1 1 Traps | -11 -10 -9 -9 -8 -7 -7 -7 -7 -6 -6 -6 -6 -6 -6 -5 -5 -5 -5 -4 -4 -4 -4 -4 -3 -3 -2 -1 ------- Run | Scr Mat Mat Min Mat Fac Low Low Zio Pro Fac Ext Cet Arc Hub Fac Upp Upp Zhi Pro Fac Upp Upp War Pro Res Res Acc Traps Triggered 12 | . 1 3 . . 2 . . . . . 5 . . . . . . . . 1 . . . . . . . Indirectly . | . . . . . . . . . . . . . . . . . . . . . . . . . . . . Trap Hack Attempts . | . . . . . . . . . . . . . . . . . . . . . . . . . . . . Triggered . | . . . . . . . . . . . . . . . . . . . . . . . . . . . . Disarmed . | . . . . . . . . . . . . . . . . . . . . . . . . . . . . Reprogrammed . | . . . . . . . . . . . . . . . . . . . . . . . . . . . . Reused . | . . . . . . . . . . . . . . . . . . . . . . . . . . . . Traps Extracted . | . . . . . . . . . . . . . . . . . . . . . . . . . . . . Installed . | . . . . . . . . . . . . . . . . . . . . . . . . . . . . Triggered 12 | . . . . . . . . . . . . . . . . 2 . . . . . . 10 . . . . Machines | -11 -10 -9 -9 -8 -7 -7 -7 -7 -6 -6 -6 -6 -6 -6 -5 -5 -5 -5 -4 -4 -4 -4 -4 -3 -3 -2 -1 ---------- Run | Scr Mat Mat Min Mat Fac Low Low Zio Pro Fac Ext Cet Arc Hub Fac Upp Upp Zhi Pro Fac Upp Upp War Pro Res Res Acc Machines Disabled 31 | . . 2 . 2 . . . . . . 5 . 1 11 4 . . . . 1 . . 1 2 2 . . Max in Single Turn 4 | . . 1 . 2 . . . . . . 2 . 1 4 1 . . . . 1 . . 1 1 1 . . Garrison Access 7 | . . . . 1 . . . . . . . . . 1 . . . . . . . . . . 2 3 . Network Hub 1 | . . . . . . . . . . . . . . 1 . . . . . . . . . . . . . Energy Cycler 1 | . . . . . . . . . . . 1 . . . . . . . . . . . . . . . . Machines Sabotaged . | . . . . . . . . . . . . . . . . . . . . . . . . . . . . Garrisons Compromised . | . . . . . . . . . . . . . . . . . . . . . . . . . . . . Overloaded Fab Kills . | . . . . . . . . . . . . . . . . . . . . . . . . . . . . Fab Network Shutdowns . | . . . . . . . . . . . . . . . . . . . . . . . . . . . . Hacking | -11 -10 -9 -9 -8 -7 -7 -7 -7 -6 -6 -6 -6 -6 -6 -5 -5 -5 -5 -4 -4 -4 -4 -4 -3 -3 -2 -1 --------- Run | Scr Mat Mat Min Mat Fac Low Low Zio Pro Fac Ext Cet Arc Hub Fac Upp Upp Zhi Pro Fac Upp Upp War Pro Res Res Acc Machines Accessed 58 | . 2 2 . 3 1 . . . . . 8 1 . 6 6 . 1 4 . 5 . 1 2 . 5 4 7 Terminals 35 | . 2 2 . 2 . . . . . . 7 1 . 5 4 . 1 . . 4 . . . . 1 . 6 Fabricators 4 | . . . . . 1 . . . . . . . . . . . . . . 1 . . . . 1 1 . Repair Stations 4 | . . . . . . . . . . . 1 . . . 1 . . . . . . . . . 1 . 1 Recycling Units . | . . . . . . . . . . . . . . . . . . . . . . . . . . . . Scanalyzers 1 | . . . . . . . . . . . . . . . 1 . . . . . . . . . . . . Garrison Access 7 | . . . . 1 . . . . . . . . . 1 . . . . . . . . . . 2 3 . Total Hacks 225 | . 5 3 . 6 1 . . . . . 34 2 . 15 39 . 1 17 . 24 . 1 5 . 25 10 37 Successful 137 | . 2 1 . 4 . . . . . . 16 . . 6 29 . 1 17 . 16 . 1 5 . 17 7 15 Failed 88 | . 3 2 . 2 1 . . . . . 18 2 . 9 10 . . . . 8 . . . . 8 3 22 Catastrophic 5 | . . . . . 1 . . . . . 1 . . 1 1 . . . . . . . . . . . 1 Database Lockouts . | . . . . . . . . . . . . . . . . . . . . . . . . . . . . Manual . | . . . . . . . . . . . . . . . . . . . . . . . . . . . . Terminals 128 | . 5 3 . 3 . . . . . . 32 2 . 12 18 . 1 . . 16 . . . . 3 . 33 Fabricators 22 | . . . . . 1 . . . . . . . . . . . . . . 8 . . . . 6 7 . Repair Stations 33 | . . . . . . . . . . . 2 . . . 17 . . . . . . . . . 10 . 4 Recycling Units . | . . . . . . . . . . . . . . . . . . . . . . . . . . . . Scanalyzers 4 | . . . . . . . . . . . . . . . 4 . . . . . . . . . . . . Garrison Access 15 | . . . . 3 . . . . . . . . . 3 . . . . . . . . . . 6 3 . Terminal Hacks 84 | . 2 1 . 3 . . . . . . 14 . . 6 11 . 1 17 . 10 . 1 5 . . . 13 Record 6 | . . . . . . . . . . . . . . . . . 1 5 . . . . . . . . . Part Schematic 8 | . . . . . . . . . . . 1 . . . . . . 4 . 3 . . . . . . . Robot Analysis 5 | . . . . . . . . . . . . . . . . . . 4 . 1 . . . . . . . Prototype ID Bank 17 | . 1 1 . . . . . . . . 3 . . 1 . . . 4 . 1 . . 4 . . . 2 Open Door 3 | . . . . . . . . . . . . . . . . . . . . . . 1 1 . . . 1 Level Access Points 2 | . . . . 1 . . . . . . . . . . . . . . . . . . . . . . 1 Branch Access Points 2 | . . . . . . . . . . . . . . . 1 . . . . 1 . . . . . . . Emergency Access Points 1 | . . . . . . . . . . . . . . 1 . . . . . . . . . . . . . Machine Index 3 | . . . . . . . . . . . . . . . 1 . . . . 1 . . . . . . 1 Terminal Index 1 | . . . . . . . . . . . . . . . 1 . . . . . . . . . . . . Fabricator Index 1 | . . . . . . . . . . . . . . . . . . . . 1 . . . . . . . Alert Level 2 | . . . . . . . . . . . 1 . . 1 . . . . . . . . . . . . . Unreport Threat 9 | . . . . . . . . . . . 3 . . . 4 . . . . . . . . . . . 2 Locate Traps 8 | . 1 . . . . . . . . . 2 . . 2 2 . . . . . . . . . . . 1 Dispatch Records 1 | . . . . 1 . . . . . . . . . . . . . . . . . . . . . . . Transport Status 1 | . . . . . . . . . . . 1 . . . . . . . . . . . . . . . . Recall Investigation 1 | . . . . . . . . . . . 1 . . . . . . . . . . . . . . . . Recall Reinforcements 2 | . . . . . . . . . . . 1 . . . . . . . . . . . . . . . 1 Hauler Manifests 6 | . . . . 1 . . . . . . 1 . . 1 1 . . . . 1 . . . . . . 1 Registered Components 1 | . . . . . . . . . . . . . . . . . . . . . . . . . . . 1 Registered Prototypes 2 | . . . . . . . . . . . . . . . 1 . . . . . . . . . . . 1 Zone Layout 2 | . . . . . . . . . . . . . . . . . . . . 1 . . . . . . 1 Fabricator Hacks 15 | . . . . . . . . . . . . . . . . . . . . 6 . . . . 5 4 . Load Schematic 4 | . . . . . . . . . . . . . . . . . . . . 1 . . . . 1 2 . Build 11 | . . . . . . . . . . . . . . . . . . . . 5 . . . . 4 2 . Repair Station Hacks 28 | . . . . . . . . . . . 2 . . . 14 . . . . . . . . . 10 . 2 Scan Component 14 | . . . . . . . . . . . 1 . . . 7 . . . . . . . . . 5 . 1 Repair 14 | . . . . . . . . . . . 1 . . . 7 . . . . . . . . . 5 . 1 Recycling Unit Hacks . | . . . . . . . . . . . . . . . . . . . . . . . . . . . . Scanalyzer 4 | . . . . . . . . . . . . . . . 4 . . . . . . . . . . . . Insert Component 2 | . . . . . . . . . . . . . . . 2 . . . . . . . . . . . . Analyze 2 | . . . . . . . . . . . . . . . 2 . . . . . . . . . . . . Garrison Access Hacks 6 | . . . . 1 . . . . . . . . . . . . . . . . . . . . 2 3 . Seal Access 6 | . . . . 1 . . . . . . . . . . . . . . . . . . . . 2 3 . Unauthorized Hacks . | . . . . . . . . . . . . . . . . . . . . . . . . . . . . Terminals . | . . . . . . . . . . . . . . . . . . . . . . . . . . . . Fabricators . | . . . . . . . . . . . . . . . . . . . . . . . . . . . . Repair Stations . | . . . . . . . . . . . . . . . . . . . . . . . . . . . . Recycling Units . | . . . . . . . . . . . . . . . . . . . . . . . . . . . . Scanalyzers . | . . . . . . . . . . . . . . . . . . . . . . . . . . . . Garrison Access . | . . . . . . . . . . . . . . . . . . . . . . . . . . . . Data Cores Recovered 1 | . . . . . . . . . . . 1 . . . . . . . . . . . . . . . . Used 1 | . . . . . . . . . . . 1 . . . . . . . . . . . . . . . . Hacking Detections 35 | . 2 2 . 1 1 . . . . . 6 1 . 5 3 . . . . 4 . . . . 4 . 6 Full Trace Events 1 | . 1 . . . . . . . . . . . . . . . . . . . . . . . . . . Feedback Events . | . . . . . . . . . . . . . . . . . . . . . . . . . . . . Feedback Blocked . | . . . . . . . . . . . . . . . . . . . . . . . . . . . . Robot Schematics Acquired . | . . . . . . . . . . . . . . . . . . . . . . . . . . . . Robots Built . | . . . . . . . . . . . . . . . . . . . . . . . . . . . . Matter . | . . . . . . . . . . . . . . . . . . . . . . . . . . . . Time . | . . . . . . . . . . . . . . . . . . . . . . . . . . . . Total Robot Build Rating . | . . . . . . . . . . . . . . . . . . . . . . . . . . . . Part Schematics Acquired 10 | . . . . . . . . . . . 1 . . . 2 . . 4 . 3 . . . . . . . Parts Built 11 | . . . . . . . . . . . . . . . . . . . . 6 . . . . 2 3 . Matter 2143 | . . . . . . . . . . . . . . . . . . . . 834 . . . . 702 607 . Time 760 | . . . . . . . . . . . . . . . . . . . . 417 . . . . 186 157 . Total Part Build Rating 91 | . . . . . . . . . . . . . . . . . . . . 54 . . . . 14 23 . Parts Repaired 14 | . . . . . . . . . . . 1 . . . 7 . . . . . . . . . 5 . 1 Time 937 | . . . . . . . . . . . 38 . . . 527 . . . . . . . . . 346 . 26 Parts Recycled . | . . . . . . . . . . . . . . . . . . . . . . . . . . . . Recycled Matter . | . . . . . . . . . . . . . . . . . . . . . . . . . . . . Retrieved Matter . | . . . . . . . . . . . . . . . . . . . . . . . . . . . . Retrieved Components . | . . . . . . . . . . . . . . . . . . . . . . . . . . . . Parts Scanalyzed 2 | . . . . . . . . . . . . . . . 2 . . . . . . . . . . . . Part Schematics Acquired 2 | . . . . . . . . . . . . . . . 2 . . . . . . . . . . . . Parts Damaged . | . . . . . . . . . . . . . . . . . . . . . . . . . . . . Bothacking | -11 -10 -9 -9 -8 -7 -7 -7 -7 -6 -6 -6 -6 -6 -6 -5 -5 -5 -5 -4 -4 -4 -4 -4 -3 -3 -2 -1 ------------ Run | Scr Mat Mat Min Mat Fac Low Low Zio Pro Fac Ext Cet Arc Hub Fac Upp Upp Zhi Pro Fac Upp Upp War Pro Res Res Acc Used RIF Installer . | . . . . . . . . . . . . . . . . . . . . . . . . . . . . Robots Hacked 1 | . . . . . . . . . . . . . . . . . . . . 1 . . . . . . . Non-combat 1 | . . . . . . . . . . . . . . . . . . . . 1 . . . . . . . Combat . | . . . . . . . . . . . . . . . . . . . . . . . . . . . . Robot Hacks Applied 1 | . . . . . . . . . . . . . . . . . . . . 1 . . . . . . . find_fabricator 1 | . . . . . . . . . . . . . . . . . . . . 1 . . . . . . . Relay Couplers Released 2 | . . . . . . . . . . . . . . 2 . . . . . . . . . . . . . Machine Destruction 2 | . . . . . . . . . . . . . . 2 . . . . . . . . . . . . . Robots Rewired 11 | . . . . . . . . . 2 . 4 . . . . . . . . . . . 5 . . . . Allies Hacked . | . . . . . . . . . . . . . . . . . . . . . . . . . . . . Hacks Repelled . | . . . . . . . . . . . . . . . . . . . . . . . . . . . . Allies | -11 -10 -9 -9 -8 -7 -7 -7 -7 -6 -6 -6 -6 -6 -6 -5 -5 -5 -5 -4 -4 -4 -4 -4 -3 -3 -2 -1 -------- Run | Scr Mat Mat Min Mat Fac Low Low Zio Pro Fac Ext Cet Arc Hub Fac Upp Upp Zhi Pro Fac Upp Upp War Pro Res Res Acc Total Allies 19 | . . . . . . . . 4 2 . 8 . . . . . . . . . . . 5 . . . . Largest Group 6 | . . . . . . . . 4 4 1 6 6 1 . . . . . . . . . 5 . . . . Highest-Rated Group 285 | . . . . . . . . 129 129 29 285 285 156 . . . . . . . . . 256 . . . . Highest-Rated Ally 156 | . . . . . . . . 42 42 29 156 156 156 . . . . . . . . . 56 . . . . Total Orders 3 | . . . . . . . . . . . . . . . . . . . . . . . . . 3 . . RETURN 3 | . . . . . . . . . . . . . . . . . . . . . . . . . 3 . . Ally Attacks 173 | . . . . . . . . . 29 8 45 51 . . . . . . . . . . . . 40 . . Total Damage 3663 | . . . . . . . . . 437 77 1078 1136 . . . . . . . . . . . . 935 . . Kills 29 | . . . . . . . . . 7 . 11 9 . . . . . . . . . . . . 2 . . Allies Corrupted 2 | . . . . . . . . . . . . . . . . . . . . . . . . . 2 . . Allies Melted . | . . . . . . . . . . . . . . . . . . . . . . . . . . . . Intel | -11 -10 -9 -9 -8 -7 -7 -7 -7 -6 -6 -6 -6 -6 -6 -5 -5 -5 -5 -4 -4 -4 -4 -4 -3 -3 -2 -1 ------- Run | Scr Mat Mat Min Mat Fac Low Low Zio Pro Fac Ext Cet Arc Hub Fac Upp Upp Zhi Pro Fac Upp Upp War Pro Res Res Acc Robot Analysis Total 5 | . . . . . . . . . . . . . . . . . . 4 . 1 . . . . . . . Derelict Logs Recovered 14 | . . . 1 . . 1 2 1 3 . . . . . . 2 2 . . . 2 . . . . . . Drone Launches 5 | . . . . . . . . . . . . . . . . . . . . . . . . . 5 . . Drone Recoveries 1 | . . . . . . . . . . . . . . . . . . . . . . . . . 1 . . Exploration | -11 -10 -9 -9 -8 -7 -7 -7 -7 -6 -6 -6 -6 -6 -6 -5 -5 -5 -5 -4 -4 -4 -4 -4 -3 -3 -2 -1 ------------- Run | Scr Mat Mat Min Mat Fac Low Low Zio Pro Fac Ext Cet Arc Hub Fac Upp Upp Zhi Pro Fac Upp Upp War Pro Res Res Acc Turns Passed 17433 | 46 376 579 608 734 827 738 737 1829 662 515 922 369 118 1173 1220 513 616 121 162 1125 400 326 505 328 997 597 290 Spaces Moved 10729 | 37 192 366 413 357 464 356 395 1011 290 244 425 155 39 437 536 329 416 154 202 697 285 245 536 390 537 735 486 Core 5 | 5 . . . . . . . . . . . . . . . . . . . . . . . . . . . Treads 3911 | . . . . . 182 356 395 1011 290 244 425 155 39 437 377 . . . . . . . . . . . . Legs . | . . . . . . . . . . . . . . . . . . . . . . . . . . . . Wheels 1642 | 32 192 366 413 357 282 . . . . . . . . . . . . . . . . . . . . . . Hover 5171 | . . . . . . . . . . . . . . . 159 329 416 154 202 697 285 245 536 390 537 735 486 Flight . | . . . . . . . . . . . . . . . . . . . . . . . . . . . . Fastest Speed 36 | 50 90 105 105 130 140 180 180 180 180 180 180 180 180 180 50 55 55 55 55 48 48 48 48 48 43 38 36 Average Speed 108 | 82 106 109 111 138 156 180 180 180 180 180 180 180 180 180 135 56 78 55 55 51 48 48 48 48 44 42 39 Slowest Speed 200 | 90 120 120 130 140 180 180 180 180 200 180 180 180 180 180 180 92 92 92 55 92 48 48 48 48 48 43 43 Overloaded Moves 43 | . . . . . . . . . . . . . . . . . . . . . . . . . . 43 . Propulsion Burnouts . | . . . . . . . . . . . . . . . . . . . . . . . . . . . . Robots Hopped . | . . . . . . . . . . . . . . . . . . . . . . . . . . . . Cave-ins Triggered . | . . . . . . . . . . . . . . . . . . . . . . . . . . . . Exploration Rate (%) 43 | 4 30 42 77 35 15 54 59 80 48 8 63 56 66 50 14 56 49 60 40 15 53 42 83 59 17 24 18 Regions Visited 27 Branch Regions 17 Pre-discovered Areas 7 | . . . 1 . . 1 1 . 1 . . . . . . . . 3 . . . . . . . . . Known Exits Taken 23 | . . . . 1 1 1 1 1 1 1 1 1 1 1 1 1 1 1 1 1 1 1 1 1 1 1 . Unknown Exits Taken 4 | 1 1 1 1 . . . . . . . . . . . . . . . . . . . . . . . . Scrap Searched 18 | . . . 1 . . 4 1 4 1 . . . . . . 2 3 . 1 . 1 . . . . . . Spaces Dug 47 | . . . . . 1 . . . . . 10 . . 1 3 4 . . . 2 11 . 2 . 5 1 7 Terrain Destroyed 659 | . 29 . . 75 10 34 2 . . . 38 7 9 241 10 4 97 . . 16 11 3 2 22 34 5 10 Melee . | . . . . . . . . . . . . . . . . . . . . . . . . . . . . Projectile 160 | . . . . 8 5 4 2 . . . 10 7 9 39 10 4 1 . . 16 11 3 2 . 14 5 10 AOE 499 | . 29 . . 67 5 30 . . . . 28 . . 202 . . 96 . . . . . . 22 20 . . Actions | -11 -10 -9 -9 -8 -7 -7 -7 -7 -6 -6 -6 -6 -6 -6 -5 -5 -5 -5 -4 -4 -4 -4 -4 -3 -3 -2 -1 --------- Run | Scr Mat Mat Min Mat Fac Low Low Zio Pro Fac Ext Cet Arc Hub Fac Upp Upp Zhi Pro Fac Upp Upp War Pro Res Res Acc Total 15468 | 52 288 481 476 504 537 398 404 1022 380 296 542 208 55 657 992 622 658 191 252 1388 533 444 782 519 1223 993 571 Wait 3172 | . 21 32 9 31 9 . . . 7 9 6 4 . 112 355 244 178 20 51 549 228 189 178 114 572 206 48 Move 10701 | 36 191 365 412 356 463 355 394 1010 289 243 424 154 38 436 535 328 415 153 201 696 284 244 535 389 536 734 485 Hop . | . . . . . . . . . . . . . . . . . . . . . . . . . . . . Pick Up 247 | 10 22 22 4 24 17 5 . 5 . 9 7 9 . 5 28 2 3 6 . 19 2 1 13 1 18 9 6 Fast Attach 1 | . . . . . . . . . . . . . . . . . . . . . . . . . . 1 . Attach 99 | 6 7 7 4 11 4 1 . . 2 3 . 3 . 3 11 4 4 3 . 7 . 1 2 . 10 3 3 Detach 16 | . . 1 . . . . . . 1 . . . . . 1 3 . 3 . 2 . . 1 . 3 1 . Swap 199 | . 2 6 . 6 7 4 3 2 4 4 12 5 1 14 10 12 19 2 . 32 3 1 8 4 19 12 7 Drop 152 | . 4 14 . 9 15 4 . 5 . 7 6 9 . 3 17 2 2 4 . 14 2 . 12 2 11 6 4 Fire 763 | . 41 34 47 67 22 29 7 . 50 21 34 24 16 82 35 27 35 . . 67 14 8 3 9 52 21 18 Melee 2 | . . . . . . . . . . . . . . . . . . . . 2 . . . . . . . Ram . | . . . . . . . . . . . . . . . . . . . . . . . . . . . . Kick . | . . . . . . . . . . . . . . . . . . . . . . . . . . . . Crush 2 | . . . . . . . . . . . . . . 2 . . . . . . . . . . . . . Escape Stasis 10 | . . . . . . . . . . . 10 . . . . . . . . . . . . . . . . Rewire 102 | . . . . . . . . . 27 . 43 . . . . . 2 . . . . . 30 . . . . Trap . | . . . . . . . . . . . . . . . . . . . . . . . . . . . . Miscellaneous 2 | . . . . . . . . . . . . . . . . . . . . . . . . . 2 . . Route ------- -11/Scrapyard -10/Materials -9/Materials (discovered 2 exits: *Mat / [*Min]) -9/Mines -8/Materials (discovered 3 exits: *Fac x3) -7/Factory -7/Lower Caves -7/Lower Caves -7/Zion -6/Proximity Caves -6/Factory (discovered 2 exits: Low / *Ext) -6/Extension (discovered 2 exits: *Fac / *Cet) -6/Cetus (discovered 2 exits: *Fac / *Arc) -6/Archives -6/Hub_04(d) -5/Factory (discovered 2 exits: *Upp x2) -5/Upper Caves -5/Upper Caves -5/Zhirov -4/Proximity Caves -4/Factory (discovered 4 exits: Res x2 / *Upp x2) -4/Upper Caves -4/Upper Caves (discovered 2 exits: *Res / *War) -4/Warlord -3/Proximity Caves -3/Research (discovered 2 exits: *Res / Arm) -2/Research -1/Access To Epsilon Eridani History --------- Turn | Location | Event 2 | -11/Scrapyard | Met Revision 17 19 | -11/Scrapyard | Discovered new exit (range 15) 47 | -11/Scrapyard | Entered Materials 210 | -10/Materials | Core integrity fell below 50% 258 | -10/Materials | Lost 6 parts (1p2n3w) 312 | -10/Materials | Build established: Mutant 362 | -10/Materials | Core integrity fell below 20% 418 | -10/Materials | Discovered new exit (range 4) 423 | -10/Materials | Entered another Materials area 423 | -9/Materials | Evolved 2 slots: Utility x2 776 | -9/Materials | Discovered new exit (range 11) 991 | -9/Materials | Discovered new exit (range 12) 1002 | -9/Materials | Entered Mines 1042 | -9/Mines | Excavation squad dispatched 1042 | -9/Mines | A large section of the Mines collapsed 1171 | -9/Mines | Lost 4 parts (1p1n2w) 1290 | -9/Mines | Core integrity fell below 50% 1292 | -9/Mines | Excavation squad dispatched 1381 | -9/Mines | Found a damaged Exp. Sensor Array with a note attached 1392 | -9/Mines | Found Prototype Device 1454 | -9/Mines | Learned location of Storage (-7) 1542 | -9/Mines | Excavation squad dispatched 1552 | -9/Mines | Discovered new exit (range 10) 1610 | -9/Mines | Entered Materials 1610 | -8/Materials | Evolved 2 slots: Utility x2 1909 | -8/Materials | Lost 3 parts (3w) 1919 | -8/Materials | Identified exit to Factory 1998 | -8/Materials | Build established: Hauler-Mutant 2344 | -8/Materials | Entered Factory 2344 | -7/Factory | Evolved 2 slots: Utility x2 3044 | -7/Factory | Discovered new exit (range 15) 3148 | -7/Factory | Identified exit to Lower Caves 3171 | -7/Factory | Entered Lower Caves 3266 | -7/Lower Caves | Attracted the attention of an 0b10 checkpoint 3777 | -7/Lower Caves | Found Imp. Powered Armor 3882 | -7/Lower Caves | Discovered new exit (range 15) 3905 | -7/Lower Caves | Identified exit to Lower Caves 3909 | -7/Lower Caves | Entered another Lower Caves area 3986 | -7/Lower Caves | Learned location of 2 exits from Factory 4251 | -7/Lower Caves | Learned location of Zion (-7) 4301 | -7/Lower Caves | Identified Exp. Sensor Array 4629 | -7/Lower Caves | Discovered new exit (range 7) 4644 | -7/Lower Caves | Identified exit to Zion 4646 | -7/Lower Caves | Entered Zion 4720 | -7/Zion | Discovered new exit (range 13) 5183 | -7/Zion | Gained Derelict followers 5363 | -7/Zion | Acquired unknown access codes intercepted by a Zionite 5564 | -7/Zion | Given A8's code to call for help 5876 | -7/Zion | Learned location of 1 exit from Lower Caves 6473 | -7/Zion | Identified exit to Proximity Caves 6475 | -7/Zion | Entered Proximity Caves 6475 | -6/Proximity Caves | Accompanied by 4 allies 6498 | -6/Proximity Caves | Learned Factory garrison access intel 6608 | -6/Proximity Caves | Learned location of Extension (-6) 6799 | -6/Proximity Caves | Learned Factory trap positions 6813 | -6/Proximity Caves | Attracted the attention of an 0b10 outpost 7126 | -6/Proximity Caves | Discovered new exit (range 8) 7135 | -6/Proximity Caves | Identified exit to Factory 7137 | -6/Proximity Caves | Entered Factory 7137 | -6/Factory | Accompanied by 1 ally 7137 | -6/Factory | Evolved 2 slots: Utility x2 7138 | -6/Factory | Identified exit to Extension 7138 | -6/Factory | Identified exit to Lower Caves 7139 | -6/Factory | Loaded intel: 108 trap records 7140 | -6/Factory | Loaded intel: 4 garrison access locations 7555 | -6/Factory | Build established: Hacker-Mutant 7652 | -6/Factory | Entered Extension 7665 | -6/Extension | Disrupted transfer network 7787 | -6/Extension | Repaired Imp. Utility Shielding 7938 | -6/Extension | Energy Cycler disabled 7938 | -6/Extension | Rescued a captive Derelict 7939 | -6/Extension | Rescued a captive Derelict 7939 | -6/Extension | Rescued a captive Derelict 7940 | -6/Extension | Rescued a captive Derelict 7940 | -6/Extension | Rescued a captive Derelict 7940 | -6/Extension | Rescued a captive Derelict 7942 | -6/Extension | Rescued A7 7943 | -6/Extension | Rescued a captive Derelict 7944 | -6/Extension | Rescued a captive Derelict 7951 | -6/Extension | Rescued a captive Derelict 8554 | -6/Extension | Discovered new exit (range 10) 8555 | -6/Extension | Discovered new exit (range 6) 8566 | -6/Extension | Identified exit to Cetus 8574 | -6/Extension | Entered Cetus 8574 | -6/Cetus | Accompanied by 6 allies 8579 | -6/Cetus | Acquired a Cetus Manufacturing Module code from A7 8601 | -6/Cetus | Spotted Cetus Guard 8601 | -6/Cetus | Spotted Cetus Guard 8604 | -6/Cetus | Spotted Cetus Guard 8605 | -6/Cetus | Spotted Cetus Guard 8612 | -6/Cetus | Allies destroyed Cetus Guard 8616 | -6/Cetus | Allies destroyed Cetus Guard 8624 | -6/Cetus | Allies destroyed Cetus Guard 8637 | -6/Cetus | Allies destroyed Cetus Guard 8782 | -6/Cetus | Discovered new exit (range 15) 8817 | -6/Cetus | Spotted Cetus Guard 8817 | -6/Cetus | Spotted Cetus Guard 8820 | -6/Cetus | Spotted Cetus Guard 8830 | -6/Cetus | Allies destroyed Cetus Guard 8835 | -6/Cetus | Destroyed Cetus Guard 8835 | -6/Cetus | Spotted Cetus Guard 8844 | -6/Cetus | Destroyed Cetus Guard 8845 | -6/Cetus | Allies destroyed Cetus Guard 8865 | -6/Cetus | Discovered new exit (range 15) 8874 | -6/Cetus | Met Revision 17 8941 | -6/Cetus | Identified exit to Archives 8943 | -6/Cetus | Entered Archives 8943 | -6/Archives | Accompanied by 1 ally 9030 | -6/Archives | Discovered new exit (range 16) 9060 | -6/Archives | Identified exit to Hub_04(d) 9061 | -6/Archives | Entered Hub_04(d) 9233 | -6/Hub_04(d) | Spotted B-75 Beast 9250 | -6/Hub_04(d) | Destroyed B-75 Beast 9405 | -6/Hub_04(d) | Garrison activated, responded to threat 9509 | -6/Hub_04(d) | Disrupted transfer network 9532 | -6/Hub_04(d) | Build established: Scavenger-Mutant 10111 | -6/Hub_04(d) | First assault squad dispatched 10117 | -6/Hub_04(d) | Discovered new exit (range 6) 10210 | -6/Hub_04(d) | Network Hub disabled 10232 | -6/Hub_04(d) | Identified exit to Factory 10234 | -6/Hub_04(d) | Entered Factory 10234 | -5/Factory | Evolved 2 slots: Propulsion x2 10506 | -5/Factory | Build established: Hacker-Mutant 10532 | -5/Factory | Repaired Exp. Sensor Array 10595 | -5/Factory | Repaired Imp. Powered Armor 10636 | -5/Factory | Repaired Imp. Weapon Shielding? 10647 | -5/Factory | Identified exit to Upper Caves 10839 | -5/Factory | Repaired Centrium Medium Armor Plating? 10916 | -5/Factory | Repaired Imp. Utility Shielding 11033 | -5/Factory | Repaired Centrium Medium Armor Plating 11134 | -5/Factory | Repaired Imp. KE Penetrator? 11454 | -5/Factory | Entered Upper Caves 11522 | -5/Upper Caves | Learned Factory terminal intel 11618 | -5/Upper Caves | Learned location of 1 exit from Factory 11844 | -5/Upper Caves | Attracted the attention of an 0b10 checkpoint 11918 | -5/Upper Caves | Discovered new exit (range 21) 11966 | -5/Upper Caves | Identified exit to Upper Caves 11967 | -5/Upper Caves | Entered another Upper Caves area 12027 | -5/Upper Caves | Learned location of 1 exit from Factory 12070 | -5/Upper Caves | Attracted the attention of an 0b10 checkpoint 12233 | -5/Upper Caves | Attacked by a faux Warlord 12459 | -5/Upper Caves | Discovered new exit (range 19) 12582 | -5/Upper Caves | Identified exit to Zhirov 12583 | -5/Upper Caves | Entered Zhirov 12583 | -5/Zhirov | Discovered new exit (range 4) 12595 | -5/Zhirov | Met Zhirov 12607 | -5/Zhirov | Learned location of Quarantine (-2) 12607 | -5/Zhirov | Learned location of Testing (-3) 12607 | -5/Zhirov | Learned location of Command (-1) 12626 | -5/Zhirov | Zhirov requested help retrieving the SGEMP Prototype 12639 | -5/Zhirov | Found Alien Artifact 12640 | -5/Zhirov | Identified Integrated Reactor 12640 | -5/Zhirov | Installed Integrated Reactor, increased core energy generation (+2%) 12649 | -5/Zhirov | Found Alien Artifact 12703 | -5/Zhirov | Identified exit to Proximity Caves 12704 | -5/Zhirov | Entered Proximity Caves 12851 | -4/Proximity Caves | Discovered new exit (range 11) 12865 | -4/Proximity Caves | Identified exit to Factory 12866 | -4/Proximity Caves | Entered Factory 12866 | -4/Factory | Evolved 2 slots: Utility x2 12867 | -4/Factory | Identified exit to Upper Caves 12868 | -4/Factory | Identified exit to Research 12869 | -4/Factory | Loaded intel: 20 terminal locations 13002 | -4/Factory | Build established: Hacker-Scout 13155 | -4/Factory | Fabricated Cmb. Linear Gravjet? 13323 | -4/Factory | Fabricated Cmb. Linear Gravjet? 13756 | -4/Factory | Fabricated Cmb. Linear Gravjet? 13796 | -4/Factory | Build established: Hacker-Mutant 13991 | -4/Factory | Entered Upper Caves 14144 | -4/Upper Caves | Learned Research trap positions 14170 | -4/Upper Caves | Encountered a Warlord checkpoint 14250 | -4/Upper Caves | Learned location of 1 exit from Research 14290 | -4/Upper Caves | Build established: Hacker-Scout 14385 | -4/Upper Caves | Discovered new exit (range 7) 14391 | -4/Upper Caves | Identified exit to Upper Caves 14391 | -4/Upper Caves | Entered another Upper Caves area 14429 | -4/Upper Caves | Discovered exit to Research (range 11) 14543 | -4/Upper Caves | Encountered a Warlord checkpoint 14704 | -4/Upper Caves | Discovered new exit (range 10) 14717 | -4/Upper Caves | Identified exit to Warlord 14717 | -4/Upper Caves | Entered Warlord 14734 | -4/Warlord | System corruption cleaned by Quarantine Array 14798 | -4/Warlord | Visited the Vortex Lab 14802 | -4/Warlord | Found Prototype Piercing Weapon 14803 | -4/Warlord | Identified Vortex Lance 14819 | -4/Warlord | Warlord's base attacked by MAIN.C 14930 | -4/Warlord | Met Warlord 14949 | -4/Warlord | Found Prototype Device 14950 | -4/Warlord | Identified Exp. Phase Shifter 14956 | -4/Warlord | Found Prototype Processor 14958 | -4/Warlord | Found Prototype Hackware 14961 | -4/Warlord | Identified Exp. Target Analyzer 15169 | -4/Warlord | Warlord forces counterattacked 15184 | -4/Warlord | Discovered new exit (range 22) 15186 | -4/Warlord | Opened side exit 15200 | -4/Warlord | Identified exit to Proximity Caves 15222 | -4/Warlord | Entered Proximity Caves 15470 | -3/Proximity Caves | Discovered exit to Research (range 17) 15521 | -3/Proximity Caves | Acquired the password to a Derelict Tinkerer's latest research 15531 | -3/Proximity Caves | Found Prototype Special Weapon 15550 | -3/Proximity Caves | Entered Research 15550 | -3/Research | Evolved 2 slots: Utility x2 15551 | -3/Research | Identified exit to Armory 15552 | -3/Research | Loaded intel: 95 trap records 15563 | -3/Research | Identified System Mapper 15697 | -3/Research | Found EM Disruption Field 15766 | -3/Research | Repaired Exp. Utility Shielding 15842 | -3/Research | Repaired Cmb. Linear Gravjet 15906 | -3/Research | Repaired HERF Cannon 15965 | -3/Research | Repaired Imp. Powered Armor 16040 | -3/Research | Repaired Cmb. Linear Gravjet 16253 | -3/Research | Fabricated Assault Drone Bay (x1) 16346 | -3/Research | Fabricated Assault Drone Bay (x1) 16546 | -3/Research | Discovered new exit (range 4) 16547 | -3/Research | Identified exit to Research 16547 | -3/Research | Entered another Research area 16547 | -2/Research | Warlord forces began assault on 0b10 16547 | -2/Research | Evolved 2 slots: Power x1, Utility x1 16614 | -2/Research | Borebot progress halted 16624 | -2/Research | Fabricated Adv. Weapon Cycler (x2) 16657 | -2/Research | Build established: Hacker-Mutant 16657 | -2/Research | Research machine network offline 16718 | -2/Research | Fabricated Assault Drone Bay (x1) 16788 | -2/Research | Met up with Warlord 16847 | -2/Research | Borebot progress halted 16900 | -2/Research | Spotted Executioner 16900 | -2/Research | Spotted Executioner 17002 | -2/Research | Spotted Striker 17018 | -2/Research | Build established: Hacker-Scout 17040 | -2/Research | Destroyed Striker 17136 | -2/Research | Discovered new exit (range 16) 17143 | -2/Research | Identified exit to Access 17144 | -2/Research | Entered Access 17144 | -1/Access | Evolved 2 slots: Propulsion x1, Utility x1 17315 | -1/Access | Identified exit to Surface 17317 | -1/Access | Spotted B-99 Colossus 17409 | -1/Access | Repaired Exp. Utility Shielding 17434 | *** | Escaped! Last Messages --------------- 17316_ W-44 Eye distress signal jammed. 17378_ W-44 Eye destroyed. 17379_ Acquired 39 matter. 17383_ Connecting with Repair Station... >>Scan(Exp. Utility Shielding) Scanning Exp. Utility Shielding... Ready to Repair: Exp. Utility Shielding Rating: 5p Time: 26 >>Repair Repairing Exp. Utility Shielding... ETC: 26 17409_ Repair station completes Exp. Utility Shielding repairs. 17409_ Acquired Exp. Utility Shielding. 17430_ Connecting with Terminal... >>Open Sealed Barrier opened. 17432_ The Access Shell folds into the floor. [Achievement: Terminals Are For Geeks] Map ----- +----------------------------------------------------+ | ??????????????????#??????????????????????????????? | | ?????????????#??????????????#????????????????????? | | ?????????????? g?A??? ???????????????????????????? | | ???????????? #?????????? ???#????????????????????? | | ?? ??????????? ???????? ?????#???????????????????? | | ?????? ?? ? ???????? ???????#????????????????????? | | ????+??????????? ??????????????????#?????????????? | | ?? ???? ?????? ??????? ?????????????????????????? | | ??????????????? ??? ? ????#?#???????#????????????? | | ?????? ??????? ???????? ?????????????????????????? | | ???????"??? ??? ??""?"????#??##??#???????????????? | | ????"??? ???????? ?? ????????????????#??????????? | | ???"??????#?????? ?? ? ??????????????????????????? | | ???????? ?# ????##???????????????????????????????? | | ??????"???# #????#??????#?????????#?????????????? | | ??? ? ? ??# ??##??#???????#?????????????????????? | | ???????? ?# ??#?#??#????#?????????????#?#???????? | | ???? ????# ??????#??#???#???????#??????????????? | | ???? ????# ##????###????#?????#???#????????????? | | ???##?#??## ####### ##########?????#???????? ???? | | ???#? ??? # """T""" "??????????????????? | | #???? ? ??# """ """ "????BB????????????? | | ???? ? ???# "????BB????????????? | | ???# ??? ?# ""?????????????????? | | ???? ??? ?# "" "?"?? ? ???????????? | | ???#?? ?? # @" ""?????? ??????????? | | ?? #? =?? # ""?"??? ???????????? | | ?? # ?? ??# "??"?BB ???????????? | | ???#? ? ?# "????BB? ??????????? | | ? ? ? ??# "??????????????????? | | ??# ?? ?# ####### ##########?#????????????????? | | ? ?##??#?# #???#?###??#???????##???#???????????? | | ########### ##?#???#????????##????#?#???????????? | | # #?? ? ? " ? ????????????????#??????? | | # # """????#???##??##????????????? | | ! + + """?????#????#????????????????? | | ] # # " ? ???#????????????#??????? | | "" = # #? ?????????##??????????????? | | "" #k #?? #????#?????????????????? | | """""" # #?? ???????#????????????????? | | """""" # #? ?? ???#????????????????????? | | "" # R#???? ? ??#?????????????????????? | | "" # # ?????? ????????????????????????? | | ! # # ???? ? ????????????????????????? | | # #?????? ????#???#????????????????? | | ##"######## #???#??????#???#????????????????????? | | ##"######## #???#??#????????????????????????????? | | # ##?#?????#?#?##?????????????????????? | | # ###??#??????????????????????????????? | | "" # A#####?#??#??#???????????????????????? | +----------------------------------------------------+ Best States ------------- Heat Dissipation 52 Coolant Potential 120 Energy Generation 48 Energy Capacity 1060 Matter Stores 450 Matter Capacity 450 Sight Range 18 Robot Scan Range 30 Terrain Scan Range 24 Terrain Scan Density 210 Jamming Range 12 Armor Coverage 2000 Utility Shielding 90 Weapon Shielding 66 Weapon Cycling 25 Phase Shifting 20 Evasion (%) 88 Targeting Accuracy 8 Recoil Reduction 4 Offensive Hacking 45 Defensive Hacking 22 Item Schematics ----------------- Hvy. Shock Bomb Launcher | -6/Extension | Hacked Imp. Powered Armor | -5/Factory | Scanalyzed Imp. Weapon Shielding | -5/Factory | Scanalyzed Assault Drone Bay | -5/Zhirov | Free Exp. Heat Sink | -5/Zhirov | Free Exp. Optical Array | -5/Zhirov | Free Imp. Arc Thrower | -5/Zhirov | Free HERF Cannon | -4/Factory | Hacked Adv. Weapon Cycler | -4/Factory | Hacked Reaction Control System | -4/Factory | Hacked Robot Schematics ------------------ None Fabricated ------------ Cmb. Linear Gravjet | x2 | -4/Factory | Preloaded Cmb. Linear Gravjet | x2 | -4/Factory | Preloaded Cmb. Linear Gravjet | x2 | -4/Factory | Preloaded Assault Drone Bay | x1 | -3/Research Assault Drone Bay | x1 | -3/Research Adv. Weapon Cycler | x2 | -2/Research Assault Drone Bay | x1 | -2/Research Alien Tech Used ----------------- Integrated Reactor Achievements -------------- Terminals Are For Geeks Challenges ------------ None Game ------ Seed StructuralZioniteScreen Manual? 0 Play Time 03:28:00 Cumulative 648.0 hours Start 2019.10.24 @ 23:25:13 End 2019.10.25 @ 14:32:20 Sessions 1 Manual Loads 0 Difficulty Rogue Special Mode None Game No. 157 Rogue 157 Adventurer 0 Explorer 0 Win Type 0 Total 26 Types 18/0/2/3/2/0/1 Lore% 96 Gallery% 96 Achievement% 88 Wizard Run 0 Options --------- ASCII 0 Keyboard 1 Movement Numpad Keybinds 0 Fullscreen 1 Font 18/SmallcapsGlow Map View 76x50 Tactical HUD 1 Map Filters NONE Filters NONE Steam 1 RUN: e75624bd-3954-48ef-8fbe-6c3f75d40842